 Dungeon Crawl Stone Soup version 0.29.1-1-gd02db6906a (webtiles) character file.

Game seed: 9017558646251970869

3049 bmrianroanfoea the Zephyrmancer (level 9, -7/51 HPs)
             Began as an Octopode Air Elementalist on Oct 17, 2022.
             Was an Initiate of Gozag.
             Killed from afar by a smoke demon (9 damage)
             ... with a sticky flame
             ... summoned by an orc sorcerer
             ... in a bailey.
             The game lasted 00:13:12 (9479 turns).

bmrianroanfoea the Zephyrmancer (OpAE)              Turns: 9479, Time: 00:13:13

Health: -7/51      AC:  2    Str:  7    XL:     9   Next: 87%
Magic:  14/21      EV: 13    Int: 21    God:    Gozag
Gold:   753        SH:  0    Dex: 13    Spells: 14/24 levels left

rFire   . . .      SeeInvis .   x - +3 great sword
rCold   . . .      Faith    .   (shield currently unavailable)
rNeg    . . .      Spirit   .   n - +1 hat
rPois   .          Reflect  .   (no amulet)
rElec   .          Harm     .   b - ring of wizardry
rCorr   .          Rampage  .   (no ring)
Will    .....                   (no ring)
Stlth   ++++......              (no ring)
HPRegen 0.17/turn               (no ring)
MPRegen 0.17/turn               (no ring)
                                (no ring)
                                (no ring)

@: no status effects
A: almost no armour, amphibious, 8 rings, camouflage 1, gelatinous body 1,
nimble swimmer 1, tentacles
a: Renounce Religion, Potion Petition, Call Merchant, Bribe Branch


You were in a bailey.
You worshipped Gozag.
Gozag was pleased with you.
You visited 2 branches of the dungeon, and saw 8 of its levels.
You also visited: Bailey.

You collected 844 gold pieces.
You paid 91 gold pieces to Gozag.

Inventory:

Hand Weapons
 d - a +0 short sword
 x - a +3 great sword (weapon)
Armour
 n - a +1 hat (worn)
Jewellery
 b - a ring of wizardry (left tentacle)
Wands
 s - a wand of paralysis (4)
Scrolls
 e - 2 scrolls of vulnerability {unknown}
 g - 2 scrolls of enchant armour {unknown}
 h - 7 scrolls of identify {unknown}
 i - a scroll of torment {unknown}
 j - a scroll of amnesia {unknown}
 k - 3 scrolls of noise {unknown}
 o - a scroll of teleportation {unknown}
 p - a scroll of blinking {unknown}
 u - 3 scrolls of silence {unknown}
 w - a scroll of enchant weapon {unknown}
 y - a scroll of acquirement
Potions
 c - 3 potions of curing {unknown}
 f - 5 potions of heal wounds {unknown}
 l - a potion of brilliance {unknown}
 m - a potion of lignification {unknown}
 q - a potion of flight {unknown}
 r - a potion of attraction {unknown}
 t - a potion of ambrosia {unknown}
 v - a potion of cancellation {unknown}


   Skills:
 + Level 0.3 Fighting
 + Level 0.4 Long Blades
 - Level 2.0 Dodging
 - Level 2.6 Stealth
 + Level 8.0 Spellcasting
 + Level 5.5 Conjurations
 + Level 9.4 Air Magic


You had 14 spell levels left.
You knew the following spells:

 Your Spells              Type           Power      Damage    Failure   Level
a - Shock                 Conj/Air       100%       1d9       1%          1
b - Static Discharge      Conj/Air       39%        3-8/arc   1%          2
c - Airstrike             Air            23%        2d(4-20)  1%          4
d - Swiftness             Air            47%        N/A       1%          3

Your spell library contained the following spells:

 Spells                   Type           Power      Damage    Failure   Level
 Apportation              Tloc           16%        N/A       3%          1
 Alistair's Intoxication  Tmut/Pois      5%         N/A       61%         5


Dungeon Overview and Level Annotations

Branches:
Dungeon (7/15)             Temple (1/1) D:5          Bailey (1/1)

Altars:
Ashenzari
Cheibriados
Elyvilon
Fedhas
Gozag
Hepliaklqana
Kikubaaqudgha
Makhleb
Ru
Sif Muna
Trog
Uskayaw
Vehumet
Wu Jian
Xom
Zin

Shops:
D:6 **


Innate Abilities, Weirdness & Mutations

You cannot wear most types of armour.
You are amphibious.
You can wear up to eight rings at the same time.
Your skin changes colour to match your surroundings (Stealth+).
Your rubbery body absorbs attacks. (AC +1, EV +1)
You are camouflaged when in or above water. (Stealth+)
You have tentacles for arms and can constrict up to eight enemies at once.


Message History

The orc warrior hits you with a +0 war axe!
The orc sorcerer mumbles some strange words.
The smoke demon is distracted by your dazzling golden aura.
The smoke demon roars!
Casting: Static Discharge (safe; 1% risk of failure)
Confirm with . or Enter, or press ? or * to list all spells.
The orc warrior is struck by an arc of lightning!
You kill the orc warrior!
You are struck by an arc of lightning.
The lightning grounds out.
The smoke demon is no longer distracted by gold.
The kobold demonologist is distracted by your dazzling golden aura.
Your Spellcasting skill increases to level 8!
The smoke demon attacks as you move away!
The smoke demon closely misses you. The smoke demon hits you.
The smoke demon closely misses you.
The smoke demon attacks as you move away!
The smoke demon hits you but does no damage.
The smoke demon barely misses you. The smoke demon hits you.
The smoke demon is distracted by your dazzling golden aura.
The smoke demon gestures at you. The sticky flame hits you!
You are covered in liquid flames!
You are covered in liquid flames!
The kobold demonologist is no longer distracted by gold.
The smoke demon gestures at you. The ball of steam hits you.
You are engulfed in a cloud of scalding steam.
* * * LOW HITPOINT WARNING * * *
You are covered in liquid flames!
* * * LOW HITPOINT WARNING * * *
You are engulfed in a cloud of scalding steam.
* * * LOW HITPOINT WARNING * * *
The orc sorcerer casts a spell.
The kobold demonologist mumbles some strange words.
Things that are here:
a +0 hand axe; a +0 ring mail The smoke demon gestures at you.
The sticky flame hits you!
You die...
Your body crumbles into a pile of gold.

###############################
≈≈≈≈≈≈≈≈≈≈≈≈≈≈≈≈≈≈≈≈≈≈≈≈≈≈≈≈≈≈≈
≈≈≈≈≈≈≈≈≈≈≈≈≈≈≈≈≈≈≈≈≈≈≈≈≈≈≈≈≈≈≈
≈≈≈≈≈≈≈≈≈≈≈≈≈≈@≈≈≈≈≈≈≈≈≈≈≈≈≈≈≈≈
≈≈≈≈≈≈≈≈≈≈≈≈≈≈≈§≈≈≈≈≈≈≈≈≈≈≈≈≈≈≈
≈≈≈≈≈≈≈≈≈≈≈≈≈≈≈≈§≈≈≈≈≈≈≈≈≈≈≈≈≈≈
≈≈≈≈≈≈≈≈######)~~))~~~~~)######
≈≈≈≈≈≈≈≈#.'.......3∩..).....'.#
≈≈≈≈≈≈≈≈###..######o######..###
≈≈≈≈≈≈≈≈#....#??.#...#.))#....#
≈≈≈≈≈≈≈≈#....#:!.#...#.))#....#
≈≈≈≈≈≈≈≈#'#'##+###8.8###+##'#'#


There were no monsters in sight!

Vanquished Creatures
  An orc knight (Bailey)
  A troll (D:6)
  5 orc warriors (Bailey)
  A sky beast (D:7)
  3 black bears
  A centaur (D:7)
  3 ogres
  A kobold brigand (D:6)
  A bullfrog (D:6)
  A necrophage (D:6)
  4 scorpions (D:6)
  5 wights
  4 electric eels (Bailey)
  2 gnoll boudas (D:6)
  An orc priest (D:6)
  3 iguanas
  2 adders
  8 gnolls
  A shadow imp (D:6)
  An ufetubus (D:4)
  3 worms
  A dart slug (D:4)
  14 orcs
  8 ball pythons
  6 bats
  8 endoplasms
  2 giant cockroaches
  9 goblins
  9 hobgoblins
  6 jackals
  4 quokkas
  4 frilled lizards
  16 kobolds
  3 rats
142 creatures vanquished.

Notes
Turn   | Place    | Note
-------+----------+-------------------------------------------
     0 | D:1      | bmrianroanfoea the Octopode Air Elementalist began the
                  | quest for the Orb.
     0 | D:1      | Reached XP level 1. HP: 11/11 MP: 3/3
   363 | D:1      | Reached XP level 2. HP: 17/17 MP: 1/5
   698 | D:1      | Learned a level 2 spell: Static Discharge
  1481 | D:2      | Reached XP level 3. HP: 18/21 MP: 2/6
  2142 | D:2      | Found a faded altar of an unknown god.
  2198 | D:2      | Reached skill level 4 in Air Magic
  2845 | D:3      | Reached XP level 4. HP: 27/27 MP: 1/7
  3836 | D:4      | Noticed a scorpion
  4043 | D:4      | Noticed an ogre
  4067 | D:3      | Learned a level 4 spell: Airstrike
  4282 | D:4      | Reached XP level 5. HP: 27/31 MP: 4/9
  4478 | D:5      | Entered Level 5 of the Dungeon
  4563 | D:5      | Noticed an ogre
  4565 | D:5      | Killed an ogre
  4566 | D:5      | Reached skill level 5 in Air Magic
  4684 | D:5      | Reached XP level 6. HP: 35/36 MP: 3/10
  4797 | D:5      | Found a staircase to the Ecumenical Temple.
  4871 | Temple   | Entered the Ecumenical Temple
  5050 | Temple   | Became a worshipper of Gozag Ym Sagoz the Greedy
  5095 | D:5      | Noticed a black bear
  5104 | D:5      | Killed a black bear
  5887 | D:6      | Noticed a black bear
  5893 | D:6      | Killed a black bear
  6016 | D:6      | Found Yhethic's Lightly-Used Armoury.
  6070 | D:6      | Reached skill level 6 in Air Magic
  6070 | D:6      | Reached XP level 7. HP: 41/41 MP: 3/12
  6245 | D:5      | Learned a level 3 spell: Swiftness
  6845 | D:6      | Reached skill level 7 in Air Magic
  6877 | D:6      | Reached XP level 8. HP: 25/46 MP: 1/14
  7137 | D:6      | Reached skill level 5 in Spellcasting
  7213 | D:6      | Found Byustresch's Elemental Accessories.
  7241 | D:6      | Noticed a troll
  7247 | D:6      | Killed a troll
  7248 | D:6      | Reached skill level 8 in Air Magic
  7386 | D:6      | Identified the +5 broad axe of Wein {freeze, rPois rN+
                  | Int-4 Dex+3}
  7649 | D:6      | Reached skill level 5 in Conjurations
  8108 | D:7      | Reached XP level 9. HP: 51/51 MP: 12/18
  8437 | D:7      | Found a flagged portal.
  8463 | Bailey   | Entered a bailey
  8973 | Bailey   | Noticed an orc knight
  9100 | Bailey   | Killed an orc knight
  9101 | Bailey   | Reached skill level 9 in Air Magic
  9462 | Bailey   | Found an iron altar of Okawaru.
  9462 | Bailey   | Noticed an orc sorcerer
  9462 | Bailey   | Noticed a kobold demonologist
  9465 | Bailey   | Noticed a smoke demon
  9467 | Bailey   | Noticed a smoke demon
  9473 | Bailey   | HP: 1/51 [something][an orc sorcerer] (6)]
  9474 | Bailey   | Noticed a red devil
  9479 | Bailey   | Killed from afar by a smoke demon

Illustrated notes

Levels and vault maps discovered:
D:1:      elethiomel_arrival_quiet, layout_loops_cross, serial_glass,
          glass_columns_a, glass_columns_a, glass_columns_a, glass_columns_a,
          glass_columns_c, glass_columns_c, glass_columns_b, glass_columns_c
D:2:      layout_basic, dreamdust_ecumenical_altar_angels_and_demons,
          minmay_pentomino_z2
D:3:      layout_basic
D:4:      layout_rooms, roderic_roman_lattice
D:5:      layout_cave_pods, temple_statues, hex_large, minmay_misc_feat_alley,
          minivault_25, nrook_loot_triangle
D:6:      layout_loops_ring, nicolae_elemental_shop, minmay_shop_damaged,
          minmay_fractal_squares_5
D:7:      kennysheep_kobold_camp, layout_cave_pools,
          nicolae_overflow_hallway_of_the_gods, enter_bailey_2,
          kennysheep_big_empty_room, chequers_serial_rivers_micro_c
Temple:   bh_familiar_temple
Bailey:   bailey_axe_of_yendor_kennysheep, bailey

Skill      XL: |  1  2  3  4  5  6  7  8  9 |
---------------+----------------------------+-----
Air Magic      | 4 5 6 7 8 9 |  9.4
Conjurations   | 2 3 5 |  5.5
Spellcasting   | 3 4 6 8 |  8.0
Fighting       | |  0.3
Long Blades    | |  0.4
Dodging        | |  2.0
Stealth        | |  2.6

Action                   |  1- 3 |  4- 6 |  7- 9 || total
-------------------------+-------+-------+-------++-------
Melee: Unarmed           |     5 |       |       ||     5
       Tentacles         |     7 |     1 |     5 ||    13
       Constrict         |     7 |     2 |     2 ||    11
       Short sword       |    20 |     5 |     9 ||    34
       Great sword       |       |       |     1 ||     1
 Cast: Shock             |    91 |    51 |   104 ||   246
       Static Discharge  |     2 |    13 |    30 ||    45
       Airstrike         |       |     5 |    30 ||    35
  Use: Potion            |       |       |     1 ||     1
 Stab: Sleeping          |       |     1 |       ||     1
       Distracted        |       |       |     1 ||     1
Armor: Skin              |     6 |     1 |     3 ||    10
Dodge: Dodged            |    26 |     9 |    20 ||    55
